 Dungeon Crawl Stone Soup version 0.17.0-26-gececa24 (webtiles) character file.

177 oplop the Ducker (level 5, -18/42 HPs)
             Began as a Demonspawn Gladiator on Nov 19, 2015.
             Demolished by a decayed bog body (19 damage)
             ... in an ossuary.
             The game lasted 00:04:07 (1903 turns).

oplop the Ducker (Demonspawn Gladiator)             Turns: 1903, Time: 00:04:07

Health: -18/42     AC:  5    Str: 16    XL:     5   Next: 31%
Magic:  5/5        EV: 13    Int:  9    God:    Xom [..*...]
Gold:   70         SH:  0    Dex: 16    Spells: 0 memorised, 4 levels left

rFire  + . .     SeeInvis .     a - +1 trident
rCold  . . .     Clarity  .     b - +0 leather armour
rNeg   + . .     SustAt   .     (no shield)
rPois  .         Gourm    .     c - +0 helmet
rElec  .         Spirit   .     (no cloak)
rCorr  .         Warding  .     p - +0 pair of gloves
rMut   .         Stasis   .     (no boots)
MR     .....                    (no amulet)
Stlth  +.........               g - +2 ring of dexterity
                                f - ring of positive energy

@: very slightly contaminated, invisible, not resistant to hostile enchantments,
very unstealthy
A: fire resistance 1, spiny 1
a: Renounce Religion


You were in an ossuary.
You worshipped Xom.
You were a toy of Xom.
You were very hungry.

You visited 2 branches of the dungeon, and saw 5 of its levels.
You also visited: Ossuary.

You collected 174 gold pieces.
You spent 104 gold pieces at shops.

Inventory:

Hand Weapons
 a - a +1 trident (weapon)
Missiles
 d - 3 throwing nets
 q - 8 javelins (quivered)
Armour
 b - a +0 leather armour (worn)
 c - a +0 helmet (worn)
 p - a +0 pair of gloves (worn)
 x - a +0 buckler
Jewellery
 f - a ring of positive energy (left hand)
 g - a +2 ring of dexterity (right hand)
Wands
 t - a wand of flame (27)
 y - a wand of invisibility (3)
Scrolls
 i - a scroll of remove curse
 j - 2 scrolls of recharging
 l - 2 scrolls of enchant weapon
Potions
 k - a potion of degeneration {unknown}
 n - 2 potions of curing {unknown}
 o - a potion of mutation {unknown}
 u - a potion of agility {unknown}
 v - a potion of flight
 w - a potion of brilliance {unknown}
Comestibles
 e - 2 bread rations
 m - a meat ration


   Skills:
 + Level 3.7 Fighting
 + Level 3.7 Polearms
 - Level 1.7 Throwing
 + Level 3.8 Dodging


You had 4 spell levels left.
You didn't know any spells.

Dungeon Overview and Level Annotations

Branches:
Dungeon (4/15)             Temple (1/1) D:4

Altars:
Ashenzari
Dithmenos
Elyvilon
Fedhas
Gozag
Nemelex Xobeh
Okawaru
Qazlal
Ru
Trog
Vehumet
Xom
Zin
The Shining One

Shops:
D:4 }


Innate Abilities, Weirdness & Mutations

Your flesh is heat resistant.
You are partially covered in sharp spines.


Message History

The decayed bog body hits you!
The decayed bog body closely misses you.
Evoke which item? (* to show all) (? for menu, Esc to quit)
Zapping:
t - a wand of flame (28)
Press: ? - help, Shift-Dir - straight line, f/p - decayed bog body
Aim: a decayed bog body (moderately damaged)
The puff of flame hits the decayed bog body.
The decayed bog body resists.
The decayed bog body is heavily damaged.
This wand has 27 charges left.
The decayed bog body hits you!
* * * LOW HITPOINT WARNING * * *
The decayed bog body closely misses you.
Evoke which item? (* to show all) (? for menu, Esc to quit)
Zapping:
y - a wand of invisibility (4)
Press: ? - help, Shift-Dir - straight line, f - you, p - decayed bog body You fade into invisibility!
You are very lightly contaminated with residual magic.
This wand has 3 charges left.
The decayed bog body hits you!!
You die...
Xom laughs nastily!

≈. ≈# ≈≈ ≈
≈≈.# ##
.#≈#≈≈
≈n.≈#
#####.≈≈≈#
#∩.@#≈..#
#.∩n'≈#
#...#.+
#####.# ≈+
.# P# ≈#
≈≈


You could see a decayed bog body.

Vanquished Creatures
  A crimson imp (D:4)
  A worker ant (D:4)
  7 adders
  2 worms
  An orc (D:3)
  9 bats
  2 giant cockroaches (D:3)
  6 hobgoblins
  2 jackals (D:4)
  7 kobolds
  A quokka (D:2)
  A ball python (D:3)
  A giant gecko (D:2)
  3 giant newts
  6 goblins
  7 rats
57 creatures vanquished.

Vanquished Creatures (others)
  A plant (Ossuary)
1 creature vanquished.

Grand Total: 58 creatures vanquished

Notes
Turn   | Place    | Note
--------------------------------------------------------------
     0 | D:1      | oplop the Demonspawn Gladiator began the quest for the Orb.
     0 | D:1      | Reached XP level 1. HP: 16/16 MP: 1/1
   361 | D:1      | Gained mutation: You are partially covered in sharp spines. [demonic ancestry]
   361 | D:1      | Reached XP level 2. HP: 23/23 MP: 2/2
   642 | D:2      | Reached skill level 3 in Dodging
   691 | D:2      | Reached XP level 3. HP: 26/28 MP: 3/3
  1094 | D:3      | Found a glowing golden altar of the Shining One.
  1184 | D:3      | Gained mutation: Your flesh is heat resistant. [demonic ancestry]
  1184 | D:3      | Reached XP level 4. HP: 35/35 MP: 4/4
  1634 | D:4      | Reached XP level 5. HP: 34/41 MP: 5/5
  1649 | D:4      | Found Iheat's Gadget Emporium.
  1662 | D:4      | Bought a wand of invisibility (4) for 104 gold pieces
  1693 | D:4      | Found a staircase to the Ecumenical Temple.
  1814 | Temple   | Entered the Ecumenical Temple
  1818 | Temple   | Became a worshipper of Xom of Chaos
  1861 | D:4      | Found an iron altar of Okawaru.
  1882 | D:4      | Found a sand-covered staircase.
  1890 | Ossuary  | Entered an ossuary
  1902 | Ossuary  | HP: 1/42 [decayed bog body (17)]
  1903 | Ossuary  | Demolished by a decayed bog body

Action                   |  1- 3 |  4- 6 || total
-------------------------+-------+-------++-------
Melee: Trident           |    85 |    40 ||   125
Throw: Javelin           |     1 |       ||     1
Evoke: Wand              |       |     2 ||     2
  Use: Scroll            |       |     8 ||     8
 Stab: Sleeping          |     4 |     2 ||     6
       Distracted        |     1 |       ||     1
  Eat: Chunk             |     1 |     1 ||     2
